 Dungeon Crawl Stone Soup version 0.28-a0-503-g83f2989fac (webtiles) character file.

Game seed: 13292323259017045173

518 lunkers the Cleaver (level 7, -2/63 HPs)
             Began as a Hill Orc Cinder Acolyte on Sept 20, 2021.
             Was a High Priest of Ignis.
             Slain by a river rat (6 damage)
             ... summoned by Eustachio
             ... on level 5 of the Dungeon.
             The game lasted 00:10:54 (5629 turns).

lunkers the Cleaver (Hill Orc Cinder Acolyte)       Turns: 5629, Time: 00:10:55

Health: -2/63      AC:  3    Str: 18      XL:     7   Next: 21%
Magic:  2/8        EV: 11    Int: 15      God:    Ignis [*****.]
Gold:   242        SH:  0    Dex:  5 (6)  Spells: 6/8 levels left

rFire   + . .      SeeInvis .   a - -1 hand axe (flame)
rCold   . . .      Faith    .   (no shield)
rNeg    . . .      Spirit   .   b - +0 robe
rPois   .          Reflect  .   (no helmet)
rElec   .          Harm     .   f - +0 cloak
rCorr   .          Rampage  .   (no gloves)
Will    .....                   (no boots)
Stlth   +.........              (no amulet)
HPRegen 0.20/turn               (no ring)
MPRegen 0.11/turn               (no ring)

@: no status effects
A: no striking features
a: Renounce Religion, Sea of Fire, Foxfire Swarm, Rising Flame


You were on level 5 of the Dungeon.
You worshipped Ignis.
Ignis was extremely pleased with you.
You visited 1 branch of the dungeon, and saw 5 of its levels.

You collected 242 gold pieces.

Inventory:

Hand Weapons
 a - a -1 hand axe of flaming (weapon)
Armour
 b - a +0 robe (worn)
 f - a +0 cloak (worn)
Scrolls
 c - 2 scrolls of identify {unknown}
 d - 2 scrolls of magic mapping {unknown}
 e - 2 scrolls of enchant armour {unknown}
 h - a scroll of fog {unknown}
 i - 2 scrolls of brand weapon
 j - a scroll of vulnerability {unknown}
 k - a scroll of teleportation {unknown}
 m - a scroll of acquirement {unknown}
Potions
 g - 2 potions of ambrosia {unknown}
 l - a potion of degeneration {unknown}
 n - a potion of haste {unknown}
 o - 2 potions of heal wounds {unknown}


   Skills:
 + Level 6.2 Fighting
 * Level 8.9 Axes
 - Level 1.0 Spellcasting
 - Level 3.2 Fire Magic


You had 6 spell levels left.
You knew the following spells:

 Your Spells              Type           Power      Damage    Failure   Level
p - Scorch                Fire           20%        2d6       10%         2

Your spell library contained the following spells:

 Spells                   Type           Power      Damage    Failure   Level
 Flame Wave               Conj/Fire      5%         3d4       77%         4
 Summon Cactus Giant      Summ           0%         N/A       100%        6


Dungeon Overview and Level Annotations

Branches:
Dungeon (5/15)
 Temple: D:4-7

Altars:
Fedhas

Annotations:
D:4 1 runed translucent door, HuGe's ghost, amateur HOFi
D:5 Eustachio


Message History

The quasit closely misses you.
The quasit claws you but does no damage.
You aren't carrying any items that you can evoke.
Unknown command.
The quasit disappears in a puff of smoke!
The river rat barely misses you. The quokka barely misses you.
You completely miss Eustachio.
Eustachio is almost dead.
You barely miss the quasit. You hit the quokka. You burn the quokka.
You closely miss the river rat. Eustachio hits you with a +0 rapier.
* * * LOW HITPOINT WARNING * * *
The river rat closely misses you. The quasit bites you.
* * * LOW HITPOINT WARNING * * *
The quasit claws you but does no damage.
The quasit closely misses you. The quokka closely misses you.
Okay, then.
You miss Eustachio.
Eustachio is almost dead.
You hit the quasit. You hit the quokka. You burn the quokka.
You kill the quokka!
The quokka's corpse disappears in a puff of smoke!
You hit the river rat. You burn the river rat.
The quasit bites you but does no damage.
The quasit closely misses you. The quasit barely misses you.
Eustachio hits you with a +0 rapier.
* * * LOW HITPOINT WARNING * * *
The river rat closely misses you.
You barely miss Eustachio.
Eustachio is almost dead.
You closely miss the river rat. You hit the iron imp but do no damage.
You miss the quasit. The quasit closely misses you. x2
The quasit claws you but does no damage.
The iron imp misses you.
The river rat bites you but does no damage.
Eustachio hits you with a +0 rapier!
* * * LOW HITPOINT WARNING * * *
The iron imp disappears in a puff of smoke!
Eustachio casts a spell.
The river rat bites you.
You die...

..... #... ### #..#
#.# #..# #.# #..#
#.###.####.r#####.#
.(........ยง.@5(....
#.....r5# #<....b@#
#######.# #.# #..
#.#. ..#.# ..# # ...


You could see Eustachio, a quasit (summoned), a river rat (summoned), a bat
(summoned) and a rat (summoned).

Vanquished Creatures
  A phantom (D:4)
  2 elf skeletons (D:4)
  2 human skeletons (D:4)
  Terence (D:2)
  An orc wizard (D:3)
  A killer bee zombie (D:4)
  4 gnolls
  6 adders
  A white imp (D:3)
  2 dart slugs (D:1)
  9 orcs
  7 endoplasms
  2 giant cockroaches (D:1)
  8 goblins
  12 hobgoblins
  8 jackals
  2 quokkas
  6 ball pythons
  9 bats
  3 frilled lizards
  8 kobolds
  An orc skeleton (D:4)
  An orc zombie (D:4)
  7 rats
104 creatures vanquished.

Notes
Turn   | Place    | Note
-------+----------+-------------------------------------------
     0 | D:1      | lunkers the Hill Orc Cinder Acolyte began the quest for the
                  | Orb.
     0 | D:1      | Reached XP level 1. HP: 19/19 MP: 2/2
   220 | D:1      | Reached XP level 2. HP: 9/27 MP: 3/3
   648 | D:1      | Reached skill level 5 in Axes
   656 | D:1      | Reached XP level 3. HP: 23/33 MP: 4/4
   780 | D:1      | Found a faded altar of an unknown god.
  1064 | D:2      | Noticed Terence
  1070 | D:1      | Learned a level 2 spell: Scorch
  1164 | D:2      | HP: 1/34 [poisoned by an adder]
  1442 | D:2      | Reached XP level 4. HP: 39/41 MP: 5/5
  1475 | D:2      | Found a blossoming altar of Fedhas.
  1861 | D:2      | Reached skill level 6 in Axes
  1954 | D:2      | Killed Terence
  2415 | D:2      | Reached XP level 5. HP: 44/47 MP: 1/6
  2871 | D:3      | Reached skill level 5 in Fighting
  2952 | D:3      | Reached skill level 7 in Axes
  3953 | D:4      | Reached XP level 6. HP: 42/56 MP: 0/7
  4447 | D:4      | Reached skill level 8 in Axes
  4783 | D:4      | Reached XP level 7. HP: 53/63 MP: 1/8
  4961 | D:4      | Found a runed translucent door.
  4962 | D:4      | Noticed HuGe's ghost (amateur HOFi)
  5550 | D:5      | Entered Level 5 of the Dungeon
  5550 | D:5      | Noticed Eustachio
  5628 | D:5      | HP: 3/63 [Eustachio (10)]
  5629 | D:5      | Slain by a river rat

Illustrated notes

Levels and vault maps discovered:
D:1:      ncdulo_smallfort, layout_rooms, shapermc_ecumenical_altar_totnotflames
D:2:      layout_loops_ring, basic_altar, minmay_vboxes, uniq_terence
D:3:      layout_rooms, minmay_misc_feat_nine_boxes
D:4:      layout_basic, gammafunk_ghost_grave, nicolae_ossuary_entry_catacombs
D:5:      layout_basic, lemuel_coloured_pillars_altar, general_overflow_altar,
          gup_sewer_entry_spiral, minmay_manual_mess, uniq_eustachio

Skill      XL: |  1  2  3  4  5  6 |
---------------+-------------------+-----
Fighting       | 4 5 6 |  6.2
Axes           | 5 6 7 8 |  8.9
Spellcasting   | |  1.0
Fire Magic     | |  3.2

Action                   |  1- 3 |  4- 6 |  7- 9 || total
-------------------------+-------+-------+-------++-------
Melee: Hand axe          |   114 |   175 |    15 ||   304
 Cast: Scorch            |     2 |    43 |     9 ||    54
  Use: Potion            |     2 |       |       ||     2
       Scroll            |       |       |     1 ||     1
Armor: Robe              |    32 |    42 |    16 ||    90
Dodge: Dodged            |    95 |   115 |    28 ||   238

Table legend: (Time is in decaauts)
 A = Elapsed time spent in this place.
 B = Non-inter-level travel time spent in this place.
 C = Inter-level travel time spent in this place.
 D = Time resting spent in this place.
 E = Time spent auto-exploring this place.
 F = Levels seen in this place.
 G = Mean time per level.
                   A        B        C        D        E       F      G
               +--------+--------+--------+--------+--------+-----+--------+
         Total |   5636 |   5492 |    144 |   1033 |   3543 |   5 | 1127.2 |
       Dungeon |   5636 |   5492 |    144 |   1033 |   3543 |   5 | 1127.2 |
               +--------+--------+--------+--------+--------+-----+--------+

Top non-repeatable levels by time:
     D:4: 1560 daAuts
     D:2: 1524 daAuts
     D:3: 1428 daAuts
     D:1: 1093 daAuts
     D:5: 29 daAuts
